Map: Lightshade LE

Players

uwuThermal (uThermal) - Winner!

  • Race: Terran Terran
  • League: Master

Strange

  • Race: Protoss Protoss
  • League: Master

Event: DreamHack SC2 Masters 2021 Summer

VOD

Have the link to the VOD?

Description

Time

  • Played on: May 20, 2021, 10:56 a.m.
  • Length: 5:38

All games in this series

Show
View Real Time Build Order
Export as new Build Order

uwuThermal Terran - Winner!

Build Orders:  

Get SALT Encoding   

  12  0:00  SCV  
  13  0:12  SCV  
  14  0:16  Supply Depot  
  14  0:24  SCV  
  15  0:38  SCV  
  15  0:39  Barracks  
  16  0:43  Refinery  
  16  0:50  SCV  
  17  1:02  SCV  
  18  1:14  SCV  
  19  1:26  Barracks Reactor  
  19  1:27  Orbital Command  
  19  1:42  Command Center  
  19  1:52  Supply Depot  
  19  1:53  SCV  
  20  2:02  Marine x2  
  20  2:06  Bunker  
  20  2:08  SCV  
  23  2:20  Factory  
  23  2:21  Marine  
  23  2:22  Marine  
  25  2:25  SCV  
  25  2:37  SCV  
  25  2:39  Marine x2  
  28  2:49  SCV  
  29  2:53  Refinery  
  29  2:54  Orbital Command  
  29  3:00  Marine x2  
  29  3:01  SCV  
  32  3:10  Starport  
  32  3:13  SCV  
  32  3:14  Factory Tech Lab  
  32  3:18  Marine  
  32  3:19  Marine  
  35  3:22  SCV  
  35  3:25  SCV  
  37  3:34  SCV  
  38  3:36  Marine x2  
  38  3:38  SCV  
  41  3:41  Supply Depot  
  41  3:46  Viking  
  42  3:55  Marine x2  
  44  4:03  Siege Tank  
  44  4:04  SCV  
  44  4:05  Supply Depot  
  46  4:10  SCV  
  46  4:13  Marine x2  
  46  4:22  SCV x2  
  45  4:31  Marine x2  
  45  4:34  SCV  
  45  4:35  SCV, Siege Tank  
  52  4:39  Supply Depot  
  52  4:43  Liberator  
  55  4:46  SCV  
  55  4:47  SCV  
  57  4:52  Marine  
  57  4:53  Marine  
  57  4:58  SCV  
  60  5:02  Supply Depot  
  60  5:03  SCV  
  63  5:15  Engineering Bay, Marine  
  63  5:17  Marine  
  63  5:20  SCV  
  66  5:22  SCV  
Show
View Real Time Build Order
Export as new Build Order

Strange Protoss 

Build Orders:  

Get SALT Encoding   

  12  0:00  Probe  
  13  0:12  Probe  
  14  0:17  Pylon  
  14  0:24  Probe (Chrono Boost)  
  15  0:36  Probe (Chrono Boost), Gateway  
  16  0:44  Probe (Chrono Boost)  
  16  0:45  Assimilator  
  17  0:51  Probe  
  17  0:54  Assimilator  
  18  1:03  Probe  
  19  1:15  Probe  
  19  1:17  Pylon  
  20  1:24  Cybernetics Core  
  20  1:27  Probe  
  20  1:28  Zealot  
  23  1:39  Probe  
  24  1:53  Probe  
  25  1:59  Adept (Chrono Boost)  
  25  2:01  Robotics Facility  
  25  2:02  Warp Gate  
  27  2:21  Pylon  
  27  2:43  Nexus  
  27  2:48  Observer (Chrono Boost)  
  28  2:52  Probe  
  29  3:01  Immortal (Chrono Boost)  
  29  3:04  Probe  
  34  3:29  Twilight Council  
  34  3:30  Probe  
  34  3:33  Immortal (Chrono Boost)  
  39  3:48  Probe  
  38  3:58  Stalker  
  38  3:59  Probe  
  38  4:00  Probe  
  40  4:11  Probe  
  40  4:12  Probe  
  40  4:23  Probe (Chrono Boost)  
  39  4:27  Probe (Chrono Boost)  
  40  4:35  Pylon  
  40  4:36  Probe (Chrono Boost)  
  42  4:39  Gateway, Pylon  
  42  4:42  Probe (Chrono Boost)  
  42  4:43  Probe (Chrono Boost)  
  43  4:48  Zealot  
  43  4:53  Gateway, Dark Shrine  
  43  4:55  Gateway  
  43  4:58  Shield Battery  
  43  5:06  Gateway  
  43  5:12  Stalker  
Tags
 
Add a new tag
Caveats
  • Supply blocks, unpowered buildings, or Contaminate may cause inaccurate times.
  • Supply counts are checked every 10 seconds.